Unix NetHack Version 5.0.0-0 post-release - last build May 22 2026 02:22:16 (99d1c3b6dc4b13757aaa5824b55bdea4e1e63757,branch:main).

Game began 2026-05-22 01:43:08, ended 2026-05-22 02:37:25.

ArrBianca, lawful female dwarven Archeologist

                                     -----
                   -----------       |....#
     --------      |.........|       |...|#
     |......|      |.........|       |(.>|#
     |......|     #..........|       --|--#
     |.^.....######|..........#        ####
     -.--|---     #|.........|#        # #####
      #  #        #-----------## ###########################%#
      #  #       ########      #  ^ ####  #     ####         ###
      #  #       #             #--.-.---  #    ----.-----------#
      #  ##      #             #..`.....#######-....%.........|#
      #   ###   ##              |......|   #  #|...............Z
      ##### ##  #               |......| ######.............x.|b@e##########
          #  ## #               ----...|##     |..............|       #    ##
        --.---|-#                  |....#      ----------------       #-----.-
        |......|#                  |...|                              #|.{<..|
        |.......#                  -----                              #......|
        |......|                                                       |.....|
        --------                                                       -------

ArrBianca the Field Worker  St:14 Dx:10 Co:14 In:15 Wi:13 Ch:8  Lawful
Dlvl:1  $:30 HP:0(49) Pw:13(13) AC:9  Xp:5 T:1563 

Latest messages:
 You kill the gecko!
 Welcome back to experience level 5.
 You feel stealthy!
 You see here a gecko corpse.
 There is a gecko corpse here; eat it? [ynq] (n) y
 This gecko corpse is gamey.
 You finish eating the gecko corpse.
 Where do you want to travel to?
 (For instructions type a '?')
 The large kobold throws a dart!
 The dart slips as the large kobold throws it!
 You miss the large kobold.
 You miss the large kobold.
 The large kobold hits!
 You miss the large kobold.
 You hit the large kobold.
 The large kobold hits!
 You miss the large kobold.
 You miss the large kobold.
 You hit the large kobold.
 You hit the large kobold.
 The large kobold hits!
 You kill the large kobold!
 You miss the floating eye.
 You miss the floating eye.
 You are frozen by the floating eye's gaze!
 You hear someone counting gold coins.
 You hear the footsteps of a guard on patrol.
 The kobold zombie hits!
 The kobold zombie hits!
 The kobold zombie hits!
 The kobold zombie hits!
 The kobold zombie hits!
 The kobold zombie hits!
 The kobold zombie hits!
 The kobold zombie hits!
 The kobold zombie hits!
 The kobold zombie hits!
 The kobold zombie hits!
 The kobold zombie hits!
 The kobold zombie hits!
 The kobold zombie hits!
 The kobold zombie hits!
 The kobold zombie hits!
 The kobold zombie hits!
 The kobold zombie hits!
 The kobold zombie hits!
 The kobold zombie hits!
 You die...
 Do you want your possessions identified? [ynq] (y) q

Inventory:
 Coins    ('$')
  $ - 30 gold pieces
 Weapons  (')')
  t - 9 +0 darts (at the ready)
  v - a +0 battle-axe
  a - a +2 bullwhip
  l - a +0 partisan (weapon in hands)
 Armor    ('[')
  c - an uncursed +0 fedora (being worn)
  n - an uncursed +0 dwarvish cloak (being worn)
  b - an uncursed +0 leather jacket (being worn)
 Comestibles  ('%')
  d - 5 uncursed food rations
  m - an uncursed lichen corpse
 Scrolls  ('?')
  q - an uncursed scroll of teleportation
 Tools    ('(')
  h - an empty uncursed sack
  s - an uncursed blindfold
  i - an uncursed oil lamp
  e - a +0 pick-axe
  f - a tinning kit (0:47)
 Gems/Stones  ('*')
  g - an uncursed touchstone

ArrBianca the Archeologist's attributes:

Background:
 You were a Field Worker, a level 5 female dwarven Archeologist.
 You were lawful, on a mission for Quetzalcoatl
 who was opposed by Camaxtli (neutral) and Huhetotl (chaotic).
 You were right-handed.
 You were in the Dungeons of Doom, on level 1.
 You entered the dungeon 1563 turns ago.
 It was nighttime.
 You had 168 experience points, 152 more were needed to attain level 6.

Basics:
 You had 0 out of 49 hit points.
 You had all 13 energy points (spell power).
 Your armor class was 9.
 Your wallet contained 30 zorkmids.
 Autopickup was on for '$?!/="+%' plus thrown, with exceptions.

Final Characteristics:
 Your strength was 14 (limit:18/100).
 Your dexterity was 10 (limit:20).
 Your constitution was 14 (limit:20).
 Your intelligence was 15 (limit:16).
 Your wisdom was 13 (peak:14, limit:16).
 Your charisma was 8 (limit:16).

Final Status:
 You weren't hungry.
 You were unencumbered.
 You were wielding a polearm.
 You had no skill with polearms.

Final Attributes:
 You were devoutly aligned.
 Your items were somewhat protected from fire.
 Your items were somewhat protected from cold.
 You were telepathic.
 You had automatic searching.
 You had infravision.
 You were stealthy.
 You were warded.
 You were unlucky.
 Quetzalcoatl was angry with you.
 You are dead.

Miscellaneous:
 You didn't encounter any bones levels.
 Total elapsed playing time was 14 minutes and 48 seconds.

Major events:
 Turn
    1: ArrBianca the lawful female dwarven Archeologist entered the dungeon
  216: attained the rank of Field Worker (level 3)
 1563: killed by a kobold zombie, while frozen by a floating eye's gaze

You didn't know any spells.

Skills:
 Fighting Skills
   bare handed combat [Unskilled]
   two weapon combat  [Unskilled]
   riding             [Unskilled]
 Weapon Skills
   dagger             [Unskilled]
   knife              [Unskilled]
   pick-axe           [Basic]
   short sword        [Unskilled]
   saber              [Unskilled]
   club               [Unskilled]
   quarterstaff       [Unskilled]
   sling              [Unskilled]
   dart               [Unskilled]
   boomerang          [Unskilled]
   whip               [Basic]
   unicorn horn       [Unskilled]
 Spellcasting Skills
   attack spells      [Unskilled]
   healing spells     [Unskilled]
   divination spells  [Unskilled]
   matter spells      [Unskilled]

Voluntary challenges:
 Character rerolling was not enabled.
 You never genocided any monsters.
 You never polymorphed an object.
 You never changed form.
 You used no wishes.
Achievements:
 You attained the rank of Field Worker.
 You entered a shop.

 The Dungeons of Doom: levels 1 to 2
    Level 1: <- You were here.
       A fountain.
       Final resting place for
          you, killed by a kobold zombie, while frozen by a floating eye's gaze.
    Level 2:
       A bookstore.


Vanquished creatures:
 11 fog clouds
  2 floating eyes
  2 werejackals
 an iguana
  a manes
  a large kobold
  a gecko
  8 jackals
  3 kobolds
  2 lichens
  4 newts
36 creatures vanquished.

No species were genocided or became extinct.

Game over:
                       ----------
                      /          \
                     /    REST    \
                    /      IN      \
                   /     PEACE      \
                  /                  \
                  |    ArrBianca     |
                  |      30 Au       |
                  |   killed by a    |
                  |  kobold zombie   |
                  |                  |
                  |                  |
                  |       2026       |
                 *|     *  *  *      | *
        _________)/\\_//(\/(/\)/\//\/|_)_______

Goodbye ArrBianca the Archeologist...

You died in The Dungeons of Doom on dungeon level 1 with 1037 points,
and 30 pieces of gold, after 1563 moves.
You were level 5 with a maximum of 49 hit points when you died.

